 Dungeon Crawl Stone Soup version 0.21.1-1-g345015f (webtiles) character file.

486 wojtek the Cleaver (level 6, -2/52 HPs)
             Began as a Minotaur Fighter on July 22, 2018.
             Slain by Ethylacetat's ghost (4 damage)
             ... on level 4 of the Dungeon.
             The game lasted 00:04:55 (3379 turns).

wojtek the Cleaver (Minotaur Fighter)               Turns: 3379, Time: 00:04:55

Health: -2/52      AC:  7    Str: 22    XL:     6   Next: 89%
Magic:  5/5        EV:  4    Int:  7    God:
Gold:   128        SH:  9    Dex: 10    Spells: 5/5 levels left

rFire    . . .     SeeInvis .   a - +0 war axe
rCold    . . .     Gourm    .   c - +0 shield
rNeg     . . .     Faith    .   l - +0 plate armour
rPois    .         Spirit   .   (helmet restricted)
rElec    .         Reflect  .   g - +0 cloak
rCorr    .         Harm     .   (no gloves)
MR       .....                  (no boots)
Stlth    ..........             (no amulet)
HPRegen  0.17/turn              (no ring)
MPRegen  0.09/turn              (no ring)

@: lethally poisoned (-2 -> -14)
A: retaliatory headbutt, horns 2, blurry vision 1, clever 1, deformed body, wild
magic 1
a: no special abilities


You were on level 4 of the Dungeon.
You were not hungry.

You visited 1 branch of the dungeon, and saw 4 of its levels.

You collected 128 gold pieces.

Inventory:

Hand Weapons
 a - a +0 war axe (weapon)
Armour
 c - a +0 shield (worn)
 g - a +0 cloak (worn)
 l - a +0 plate armour (worn)
Wands
 v - a wand of digging (22)
 x - a wand of paralysis (15)
Scrolls
 e - 3 scrolls of fog {unknown}
 h - 5 scrolls of magic mapping {unknown}
 i - 2 scrolls of amnesia {unknown}
 j - 7 scrolls of identify {unknown}
 k - a scroll of enchant armour {unknown}
 n - a scroll of noise {unknown}
 o - a scroll of enchant weapon {unknown}
 p - 2 scrolls of teleportation {unknown}
 s - a scroll of fear {unknown}
Potions
 d - a potion of might
 m - 2 potions of mutation
 q - 2 potions of curing {unknown}
 r - a potion of magic {unknown}
 t - a potion of ambrosia {unknown}
 u - a potion of berserk rage {unknown}
 w - a potion of flight {unknown}
 z - a potion of heal wounds {unknown}
Comestibles
 b - a chunk of flesh
 f - 6 rations


   Skills:
 + Level 3.8 Fighting
 + Level 8.2 Axes
 + Level 3.9 Armour
 + Level 1.0 Dodging
 + Level 3.9 Shields
 * Level 1.2 Evocations


You had 5 spell levels left.
You didn't know any spells.

Dungeon Overview and Level Annotations

Branches:
Dungeon (4/15)
 Temple: D:4-7

Altars:
Gozag
Sif Muna

Annotations:
D:4 Ethylacetat's ghost, novice NaGl


Innate Abilities, Weirdness & Mutations

You reflexively headbutt those who attack you in melee.
You have a pair of horns on your head.
Scrolls take you a little longer to read.
Your mind is acute. (Int +2)
Armour fits poorly on your strangely shaped body.
Your spells are a little harder to cast, but a little more powerful.


Message History

You feel sick.
Items here: )) [ †† a flail; a hand axe; a leather armour; an orc corpse x2
* * * LOW HITPOINT WARNING * * *
You feel sick.
* * * LOW HITPOINT WARNING * * *
You feel sick.
* * * LOW HITPOINT WARNING * * *
You feel sick.
* * * LOW HITPOINT WARNING * * *
You feel sick.
* * * LOW HITPOINT WARNING * * *
You feel sick.
You see here a club.
It was a potion of mutation.
You feel extremely strange.
You feel clever.
Your vision blurs.
Your body twists and deforms.
You feel less in control of your magic.
* * * LOW HITPOINT WARNING * * *
You feel sick. Ethylacetat's ghost hits you.
You die...

####### #........# #.....#
#........# #.....#
########.# #.....# #######
##########.###.....###
.......
.........).)..........
#####.#
####.......'......##
#....###.###......## ###
#####.##W......#........ ..
.......@........).......
######
#############.############
.....# #...........#.#
####.# #.####.####.#.# #
#.#....#.# #
#.#.####.####.# #
#.#...........#
#############.#############
................[....


You could see Ethylacetat's ghost.

Vanquished Creatures
  2 ogres
  A bullfrog zombie (D:3)
  Crazy Yiuf (D:2)
  An orc priest (D:4)
  Jessica (D:2)
  An orc wizard (D:4)
  4 gnolls (D:3)
  4 adders
  2 worms
  4 dart slugs
  4 leopard geckos
  15 orcs
  A ball python (D:3)
  3 bats
  3 giant cockroaches (D:1)
  9 goblins
  5 hobgoblins
  5 kobolds
  3 quokkas
  3 frilled lizards (D:1)
  6 rats
78 creatures vanquished.

Notes
Turn   | Place    | Note
-------+----------+-------------------------------------------
     0 | D:1      | wojtek the Minotaur Fighter began the quest for the Orb.
     0 | D:1      | Reached XP level 1. HP: 19/19 MP: 0/0
    87 | D:1      | Reached skill level 3 in Axes
   167 | D:1      | Reached XP level 2. HP: 26/26 MP: 1/1
   336 | D:1      | Reached skill level 4 in Axes
   495 | D:1      | Reached XP level 3. HP: 31/31 MP: 2/2
   946 | D:2      | Found a deep blue altar of Sif Muna.
  1018 | D:2      | Found a runed door.
  1018 | D:2      | Noticed Crazy Yiuf
  1023 | D:2      | Killed Crazy Yiuf
  1023 | D:2      | Reached skill level 5 in Axes
  1023 | D:2      | Reached XP level 4. HP: 39/39 MP: 3/3
  1050 | D:2      | Noticed Jessica
  1065 | D:2      | Killed Jessica
  1349 | D:2      | Reached skill level 6 in Axes
  1606 | D:3      | Noticed an ogre
  1612 | D:3      | Killed an ogre
  1612 | D:3      | Reached skill level 7 in Axes
  1612 | D:3      | Reached XP level 5. HP: 16/45 MP: 4/4
  2244 | D:3      | Found an opulent altar of Gozag.
  2254 | D:3      | Reached XP level 6. HP: 49/51 MP: 5/5
  2540 | D:3      | Found a faded altar of an unknown god.
  2926 | D:3      | Reached skill level 8 in Axes
  3303 | D:4      | Reached skill level 1 in Dodging
  3303 | D:4      | Reached skill level 1 in Evocations
  3357 | D:4      | Noticed Ethylacetat's ghost (novice NaGl)
  3379 | D:4      | Gained mutation: Your mind is acute. (Int +2) [potion of mutation]
  3379 | D:4      | Gained mutation: Scrolls take you a little longer to read. [potion of mutation]
  3379 | D:4      | Gained mutation: Armour fits poorly on your strangely shaped body. [potion of mutation]
  3379 | D:4      | Gained mutation: Your spells are a little harder to cast, but a little more powerful. [potion of mutation]
  3379 | D:4      | HP: 2/52 [poisoned by Ethylacetat's ghost]
  3379 | D:4      | Slain by Ethylacetat's ghost

Skill      XL: |  1  2  3  4  5  6 |
---------------+-------------------+-----
Axes           | 3 4 5 7 8 |  8.2
Dodging        | 1 |  1.0
Evocations     | 1 |  1.2
Fighting       | |  3.8
Armour         | |  3.9
Shields        | |  3.9

Action                   |  1- 3 |  4- 6 || total
-------------------------+-------+-------++-------
Melee: War axe           |    51 |   151 ||   202
       Headbutt          |     7 |    28 ||    35
  Use: Potion            |       |     1 ||     1
  Eat: Chunk             |       |     8 ||     8
Armor: Scale mail        |    16 |       ||    16
       Plate armour      |     2 |   101 ||   103
Dodge: Dodged            |    15 |    17 ||    32
Block: Shield            |    20 |    60 ||    80
